Map: Ascension to Aiur LE

Players

AxImpact (Impact) - Winner!

  • Race: Zerg Zerg
  • League: Diamond
  • Spawn Location: 5:00

Optimus

  • Race: Terran Terran
  • League: Grandmaster
  • Spawn Location: 11:00

Event: HomeStory Cup XVI

VOD

Have the link to the VOD?

Description

Time

  • Played on: Nov. 10, 2017, 6:36 a.m.
  • Length: 11:40

All games in this series

Show
View Real Time Build Order
Export as new Build Order

AxImpact Zerg - Winner!

Build Orders: Hatch First 

Get SALT Encoding   

  12  0:00  Drone  
  13  0:13  Overlord  
  13  0:17  Drone  
  14  0:32  Drone x2  
  16  0:36  Drone  
  17  0:52  Hatchery  
  17  0:56  Drone  
  17  1:00  Drone  
  18  1:10  Extractor  
  17  1:15  Spawning Pool  
  17  1:17  Drone  
  17  1:22  Drone  
  18  1:30  Drone  
  19  1:40  Overlord  
  19  1:57  Drone  
  20  2:01  Queen, Zergling x2  
  20  2:03  Queen  
  20  2:04  Zergling x2  
  26  2:09  Metabolic Boost  
  26  2:13  Drone  
  27  2:16  Drone  
  28  2:25  Drone  
  28  2:27  Drone  
  30  2:33  Drone  
  31  2:37  Queen  
  31  2:38  Overlord  
  33  2:46  Pneumatized Carapace, Drone  
  33  2:49  Drone  
  35  2:55  Drone  
  36  3:00  Drone  
  37  3:08  Drone  
  37  3:09  Drone  
  37  3:10  Drone  
  37  3:11  Drone x2  
  37  3:12  Drone x2  
  44  3:18  Overlord  
  44  3:22  Extractor  
  43  3:37  Drone x4  
  43  3:40  Drone  
  48  3:43  Hatchery  
  48  3:44  Roach Warren  
  48  3:52  Drone x3  
  48  3:55  Drone  
  52  3:58  Extractor x2  
  52  3:59  Overlord  
  52  4:01  Overlord x2  
  48  4:05  Overlord  
  48  4:11  Overlord  
  48  4:21  Zergling x8  
  49  4:24  Zergling x2  
  49  4:25  Zergling x4  
  49  4:34  Roach x2  
  52  4:42  Roach  
  54  4:48  Roach x2  
  54  4:51  Drone  
  59  4:55  Roach  
  59  4:57  Roach  
  63  5:06  Roach x2  
  62  5:08  Roach  
  62  5:11  Roach  
  63  5:21  Zergling x2  
  63  5:22  Zergling x10  
  69  5:37  Ravager x3  
  69  5:38  Zergling x6  
  69  5:42  Overlord  
  74  5:48  Overlord  
  74  5:53  Overlord  
  69  6:05  Roach  
  69  6:11  Zergling x2  
  61  6:15  Ravager x2  
  63  6:23  Ravager  
  64  6:27  Roach  
  64  6:29  Zergling x4  
  64  6:32  Zergling x2  
  63  6:39  Queen  
  57  6:56  Zergling x6  
  57  6:57  Zergling x4  
  53  7:02  Zergling x8  
  53  7:05  Zergling x2  
  53  7:08  Zergling x2  
  57  7:12  Drone x2  
  59  7:16  Drone  
  59  7:19  Drone  
  59  7:20  Drone  
  60  7:28  Drone  
  58  7:31  Queen  
  58  7:36  Drone  
  61  7:40  Drone  
  61  7:44  Drone  
  63  7:50  Drone  
  64  7:54  Drone  
  64  7:57  Drone  
  64  7:58  Drone  
  65  8:00  Drone  
  65  8:02  Drone x4  
  65  8:03  Queen  
  73  8:05  Drone  
  73  8:09  Ravager  
  72  8:13  Drone  
  72  8:14  Overlord  
  72  8:16  Drone  
  72  8:17  Lair  
  72  8:19  Extractor  
  73  8:20  Extractor  
  70  8:29  Drone  
  70  8:30  Drone x2  
  67  8:35  Drone  
  67  8:36  Drone x2  
  67  8:38  Drone  
  67  8:39  Drone  
  71  8:42  Evolution Chamber  
  71  8:43  Evolution Chamber, Drone  
  71  8:47  Drone x2  
  72  8:49  Drone x2  
  72  8:50  Drone  
  72  8:53  Drone  
  77  8:55  Drone  
  77  9:01  Drone x2  
  77  9:06  Drone  
  77  9:13  Drone x6  
  77  9:14  Drone  
  77  9:16  Overlord  
  84  9:21  Glial Reconstitution, Drone x2  
  84  9:22  Zerg Missile Weapons Level 1, Zerg Ground Armor Level 1  
  83  9:30  Drone x2  
  85  9:34  Roach  
  85  9:38  Roach, Hatchery  
  88  9:42  Roach  
  88  9:43  Roach  
  92  9:49  Roach  
  94  9:53  Roach  
  94  9:54  Roach  
  94  9:55  Extractor, Overseer  
  94  9:57  Roach  
  94  9:58  Overlord  
  94  9:59  Overlord x3  
  96  10:06  Drone x3  
  96  10:08  Roach  
  96  10:12  Overlord  
  98  10:15  Overlord  
  98  10:18  Roach  
  100  10:21  Roach  
  100  10:26  Roach  
  100  10:27  Roach x3  
  100  10:28  Roach  
  112  10:29  Overlord  
  112  10:30  Overlord x2  
  112  10:31  Ravager  
  112  10:32  Ravager x2  
  112  10:33  Roach  
  117  10:38  Infestation Pit  
  117  10:39  Hydralisk Den, Drone  
  117  10:40  Drone  
  117  10:43  Roach  
  117  10:49  Roach  
  121  10:50  Roach  
  121  10:51  Roach  
  121  10:55  Roach  
  121  10:56  Roach x2  
  131  10:57  Queen  
  131  11:00  Roach x4  
  131  11:01  Overseer  
  131  11:02  Roach  
  143  11:05  Roach  
  143  11:08  Roach x2  
  143  11:11  Roach  
  151  11:13  Overlord  
  151  11:17  Roach x2  
  154  11:20  Ravager  
  154  11:21  Ravager x2  
Show
View Real Time Build Order
Export as new Build Order

Optimus Terran 

Build Orders: Gas First Reaper Expand, Hellion Opening, Reaper Expand 

Get SALT Encoding   

  12  0:00  SCV  
  13  0:12  SCV  
  14  0:18  Supply Depot  
  14  0:25  SCV  
  15  0:31  Refinery  
  15  0:39  SCV  
  16  0:44  Barracks  
  16  0:51  SCV  
  17  1:03  SCV  
  18  1:16  SCV  
  19  1:30  Orbital Command  
  19  1:31  Reaper  
  20  1:42  Command Center  
  20  1:52  Factory  
  20  1:57  SCV  
  21  2:04  Supply Depot  
  21  2:09  Barracks Reactor  
  21  2:10  SCV  
  21  2:14  Refinery  
  23  2:22  SCV  
  23  2:35  SCV  
  24  2:42  Starport  
  24  2:47  SCV  
  24  2:48  Hellion x2  
  24  2:51  Marine  
  29  2:55  Orbital Command  
  30  2:59  SCV  
  31  3:09  Hellion  
  31  3:10  Hellion  
  31  3:11  SCV  
  36  3:18  Viking  
  38  3:22  SCV  
  38  3:24  SCV  
  39  3:34  Hellion x2, SCV  
  39  3:37  SCV  
  45  3:41  Supply Depot  
  45  3:57  SCV  
  45  3:59  Supply Depot  
  35  4:02  Medivac  
  46  4:03  SCV, Hellion x2  
  46  4:08  Marine  
  54  4:10  Armory  
  54  4:21  Liberator, SCV x2  
  56  4:24  Hellion x2  
  56  4:33  SCV x2  
  59  4:48  Supply Depot  
  59  4:49  Hellion  
  59  4:50  Hellion  
  61  4:55  Command Center  
  61  4:56  Hellion  
  61  4:57  SCV  
  62  5:06  SCV  
  62  5:10  SCV, Hellion  
  62  5:11  Hellion  
  67  5:18  SCV  
  68  5:22  SCV  
  67  5:32  Cyclone  
  67  5:33  Cyclone  
  67  5:34  SCV  
  69  5:45  Supply Depot, Bunker  
  69  5:47  SCV  
  69  5:50  Supply Depot, Viking  
  69  5:55  Marine  
  72  5:57  SCV  
  72  5:59  SCV  
  67  6:04  Cyclone  
  67  6:05  Cyclone  
  67  6:09  SCV  
  60  6:11  SCV  
  58  6:21  SCV  
  58  6:23  SCV  
  57  6:33  SCV  
  57  6:35  Orbital Command, SCV  
  57  6:36  Cyclone  
  57  6:37  Hellion  
  63  6:43  Factory  
  63  6:45  SCV  
  61  6:47  SCV  
  56  6:57  SCV  
  56  6:59  SCV  
  50  7:05  SCV  
  50  7:06  Hellion  
  46  7:08  Hellion  
  46  7:10  SCV  
  46  7:11  SCV  
  46  7:14  Liberator  
  36  7:24  SCV  
  36  7:29  Cyclone  
  37  7:32  Orbital Command  
  39  7:37  Cyclone  
  39  7:39  Cyclone  
  39  7:42  SCV  
  43  7:54  SCV  
  44  8:02  Cyclone  
  46  8:06  SCV  
  46  8:09  Hellion  
  46  8:12  Hellion  
  51  8:18  SCV  
  52  8:23  Orbital Command  
  52  8:25  Liberator  
  52  8:31  SCV, Hellion  
  52  8:33  Hellion  
  45  8:34  Hellion  
  43  8:43  SCV  
  43  8:46  Orbital Command  
  47  8:51  SCV  
  47  8:52  Hellion  
  47  8:55  SCV  
  50  9:03  SCV  
  50  9:05  Terran Vehicle Weapons Level 1  
  50  9:07  SCV  
  47  9:16  SCV  
  47  9:19  SCV x2  
  47  9:21  Cyclone  
  47  9:22  Hellion x3  
  52  9:28  SCV  
  53  9:31  SCV  
  53  9:32  Hellion x2  
  53  9:33  SCV  
  53  9:37  Supply Depot  
  59  9:40  SCV  
  59  9:43  SCV  
  59  9:45  SCV  
  62  9:48  Barracks Reactor  
  62  9:49  Refinery  
  62  9:50  Refinery  
  62  9:52  SCV  
  63  9:53  Cyclone  
  63  9:56  SCV  
  63  9:57  SCV  
  66  10:01  Hellion  
  66  10:04  SCV  
  69  10:08  SCV  
  69  10:09  SCV  
  69  10:11  Supply Depot  
  71  10:16  SCV  
  71  10:17  Factory  
  71  10:20  SCV  
  73  10:21  SCV  
  74  10:28  Refinery x2, SCV  
  74  10:30  Hellion x4  
  74  10:31  Command Center  
  74  10:32  SCV  
  74  10:33  SCV  
  85  10:38  Supply Depot x2  
  85  10:40  SCV  
  86  10:44  SCV  
  86  10:45  SCV, Starport Reactor  
  86  10:49  Factory, Barracks Tech Lab  
  88  10:51  Factory  
  88  10:55  SCV  
  90  10:57  SCV  
  99  11:05  SCV  
  99  11:07  SCV  
  99  11:09  SCV  
  102  11:17  SCV  
  97  11:24  Supply Depot x2  
  109  11:25  Supply Depot  
Tags
 
Add a new tag
Caveats
  • Supply blocks, unpowered buildings, or Contaminate may cause inaccurate times.
  • Supply counts are checked every 10 seconds.